 Dungeon Crawl Stone Soup version 0.17-a0-1997-ga88ed7d (webtiles) character file.

73 Hanibal the Insei (level 4, 0/29 HPs)
             Began as an Octopode Transmuter on Oct 8, 2015.
             Slain by a kobold
             ... wielding a +0 club
              (5 damage)
             ... on level 3 of the Dungeon.
             The game lasted 00:06:29 (1450 turns).

Hanibal the Insei (Octopode Transmuter)             Turns: 1450, Time: 00:06:30

Health: 0/29       AC:  1    Str:  9    XL:     4   Next: 27%
Magic:  5/7        EV: 12    Int: 15    God:
Gold:   53         SH:  0    Dex: 13    Spells: 2 memorised, 3 levels left

rFire  . . .     SeeInvis .       - Unarmed
rCold  . . .     Clarity  .     (no shield)
rNeg   . . .     SustAt   .     (helmet restricted)
rPois  .         Gourm    .     (no amulet)
rElec  .         Spirit   .     (no ring)
rCorr  .         Warding  .     (no ring)
rMut   .         Stasis   .     (no ring)
MR     .....                    (no ring)
Stlth  +++.......               (no ring)
                                (no ring)
                                (no ring)
                                (no ring)

@: appendage (expiring), not resistant to hostile enchantments, fairly stealthy
A: almost no armour, amphibious, 8 rings, constrict 8, tentacle spike 3,
camouflage 1, gelatinous body 1
a: End Transformation


You were on level 3 of the Dungeon.
You were hungry.
One of your tentacles had a temporary spike.
You visited 1 branch of the dungeon, and saw 3 of its levels.

You collected 53 gold pieces.

Inventory:

Missiles
 a - 38 arrows
Scrolls
 d - 2 scrolls of teleportation {unknown}
 e - a scroll of enchant armour {unknown}
 i - a scroll of blinking {unknown}
 k - a scroll of remove curse {unknown}
Potions
 g - a potion of heal wounds {unknown}
 h - 4 potions of curing {unknown}
 j - a potion of mutation {unknown}
Books
 b - a book of Changes

   Spells                             Type                      Level
   a - Beastly Appendage              Transmutation                1
   b - Sticks to Snakes               Transmutation                2
   c - Spider Form                    Transmutation/Poison         3
   d - Ice Form                       Ice/Transmutation            4
   e - Blade Hands                    Transmutation                5
Comestibles
 c - 2 bread rations
 f - 2 meat rations
 l - a slice of pizza


   Skills:
 - Level 1.7 Fighting
 - Level 2.2 Dodging
 + Level 2.4 Stealth
 + Level 3.6 Unarmed Combat
 - Level 2.0 Spellcasting
 + Level 2.7 Transmutations


You had 3 spell levels left.
You knew the following spells:

 Your Spells              Type           Power        Failure   Level  Hunger
a - Beastly Appendage     Trmt           #.....       10%         1    #......
b - Spider Form           Trmt/Pois      #.........   43%         3    ###....


Dungeon Overview and Level Annotations

Branches:
Dungeon (3/15)

Altars:


Innate Abilities, Weirdness & Mutations

You cannot wear most types of armour.
You are amphibious.
You can wear up to eight rings at the same time.
You can use your tentacles to constrict eight enemies at once.
Your skin changes colour to match your surroundings (Stealth).
Your rubbery body absorbs attacks (AC +1).
One of your tentacles bears a large vicious spike.


Message History

You have reached level 4!
You tentacle-slap the orc. Your grab misses the orc.
Your tentacle spike misses the orc.
The orc is almost dead.
The orc hits you with a club.
You closely miss the orc. You grab the orc. Your squeeze misses the orc.
The orc is almost dead.
You constrict the orc.
You kill the orc!
You tentacle-slap the kobold but do no damage.
You grab the kobold.
You pierce the kobold, but do no damage.
You constrict the kobold. The kobold hits you with a club.
* * * LOW HITPOINT WARNING * * *
You are feeling hungry.
You tentacle-slap the kobold but do no damage.
The kobold is heavily wounded.
Your transformation is almost over.
You constrict the kobold. The kobold hits you with a club.
You die...

#.#........ ...
## #......o.. #.#
# #....o.
#.###.##
#..o#####.K...$#
#.....(......%.#
##..########.....
#..# #..
#..########..
#.oK@........
#.##########. #.#
#.# #.# #.#
#.#######
#......<#
#######.#


You could see an orc and a kobold.

Vanquished Creatures
  An orc priest (D:3)
  An adder (D:2)
  A worm (D:2)
  2 orcs (D:3)
  4 giant cockroaches
  5 goblins (D:1)
  6 hobgoblins
  5 bats
  3 giant newts
  3 kobolds
  A rat (D:2)
32 creatures vanquished.

Notes
Turn   | Place    | Note
--------------------------------------------------------------
     0 | D:1      | Hanibal the Octopode Transmuter began the quest for the Orb.
     0 | D:1      | Reached XP level 1. HP: 13/13 MP: 3/3
   187 | D:1      | Reached XP level 2. HP: 13/18 MP: 3/5
   283 | D:1      | Reached skill level 1 in Stealth
   560 | D:2      | Reached XP level 3. HP: 21/24 MP: 4/6
  1359 | D:2      | Learned a level 3 spell: Spider Form
  1446 | D:3      | Reached XP level 4. HP: 13/29 MP: 5/7
  1450 | D:3      | Slain by a kobold

Vault maps used:
D:1:      dpeg_arrival_rooms_a
D:3:      first_bread, ecumenical_altar_1

Action                   |  1- 3 |  4- 6 || total
-------------------------+-------+-------++-------
Melee: Unarmed           |    64 |     4 ||    68
 Cast: Beastly Appendage |    16 |       ||    16
 Stab: Sleeping          |     7 |       ||     7
  Eat: Beef jerky        |     1 |       ||     1
